 Dungeon Crawl Stone Soup version 0.16.1-51-g6203257 (webtiles) character file.

174 mossdog the Stinger (level 5, -3/36 HPs)
             Began as a Demonspawn Venom Mage on Aug 1, 2015.
             Was a Follower of Cheibriados.
             Slain by an orc
             ... wielding a +0 trident
              (7 damage)
             ... on level 3 of the Dungeon.
             The game lasted 00:17:03 (2840 turns).

mossdog the Stinger (Demonspawn Venom Mage)         Turns: 2840, Time: 00:17:03

Health: -3/36      AC:  6    Str: 10    XL:     5   Next: 28%
Magic:  7/9        EV: 13    Int: 20    God:    Cheibriados [*.....]
Gold:   72         SH:  0    Dex: 15    Spells: 3 memorised, 3 levels left

rFire  . . .     SeeInvis .     h - +2 short sword (drain)
rCold  . . .     Clarity  .     u - +2 robe {Archmagi}
rNeg   . . .     SustAb   .     (no shield)
rPois  .         Gourm    .     (no helmet)
rElec  .         Spirit   .     (no cloak)
rCorr  .         Warding  .     (no gloves)
rMut   .         Stasis   .     (no boots)
MR     .....                    (no amulet)
Stlth  ++........               (no ring)
                                (no ring)

@: very slow, not resistant to hostile enchantments, unstealthy
A: thin metallic scales 1, powered by death 2
a: Bend Time, Renounce Religion


You were on level 3 of the Dungeon.
You worshipped Cheibriados.
Cheibriados was aware of your devotion.
You were not hungry.

You visited 1 branch of the dungeon, and saw 3 of its levels.

You collected 72 gold pieces.

Inventory:

Hand weapons
 h - a +2 short sword of draining (weapon)
 l - a +0 hunting sling
 o - a +2 quarterstaff of chaos
 v - a cursed -1 hammer
 w - a cursed -3 hammer
 x - a +2 hammer of holy wrath
Missiles
 e - 19 sling bullets
 n - 7 curare-tipped needles
 r - 10 poisoned needles
Armour
 a - a +0 robe
 u - a +2 robe of the Archmagi (worn)
Scrolls
 k - a scroll of immolation {unknown}
 p - 2 scrolls of remove curse
 t - a scroll of teleportation {unknown}
Potions
 f - a potion of restore abilities {unknown}
 g - a potion of brilliance {unknown}
 i - a potion of cancellation {unknown}
 j - a potion of heal wounds {unknown}
 m - a potion of magic {unknown}
 s - a potion of curing {unknown}
Books
 b - a Young Poisoner's Handbook

   Spells                             Type                      Level
   a - Sting                          Conjuration/Poison           1
   b - Cure Poison                    Poison                       2
   c - Mephitic Cloud                 Conjuration/Poison/Air       3
   d - Olgreb's Toxic Radiance        Poison                       4
   e - Venom Bolt                     Conjuration/Poison           5
Comestibles
 c - 2 bread rations
 d - a beef jerky
 z - a chunk of flesh


   Skills:
 + Level 0.8 Fighting
 + Level 0.5 Short Blades
 + Level 2.4 Dodging
 + Level 2.1 Stealth
 + Level 2.7 Spellcasting
 + Level 1.6 Conjurations
 + Level 5.1 Poison Magic
 + Level 1.0 Invocations


You had 3 spell levels left.
You knew the following spells:

 Your Spells              Type           Power        Failure   Level  Hunger
a - Sting                 Conj/Pois      ###.         3%          1    None
b - Cure Poison           Pois           ####......   2%          2    ##.....
c - Mephitic Cloud        Conj/Pois/Air  ###.....     21%         3    ###....


Dungeon Overview and Level Annotations

Branches:
Dungeon (3/15)

Altars:
Cheibriados
Dithmenos
Fedhas
Gozag


Innate Abilities, Weirdness & Mutations

You are partially covered in thin metallic scales (AC +2).
You can steal the life force of defeated enemies.


Message History

Use which ability? (? or * to list)
You fail to use your ability.
The kobold hits you but does no damage.
The orc hits you with a flail of holy wrath!
You convulse!
* * * LOW HITPOINT WARNING * * *
You hit the orc but do no damage. You drain the orc!
The orc is heavily wounded.
The kobold hits you with a short sword.
* * * LOW HITPOINT WARNING * * *
The orc misses you.
You hit the orc. You drain the orc!
You kill the orc!
Cheibriados appreciates the change of pace.
The kobold barely misses you.
You puncture the orc!
You kill the orc!
Cheibriados appreciates the change of pace.
The kobold closely misses you.
The orc hits you from afar with a trident!
You die...

#.# #.# ... #.#
..# #.# ...## #!#
...## #.# #...#
#o# ...## #)#
#...# #@# #...#
..
#K######...#.....
#bg..g((..[...$..
#g...b.<....#....
#....)..........
#...............
#...............
#..............
..!.......#...


You could see a gnoll, an orc, a goblin, a bat and a kobold.

Vanquished Creatures
  Crazy Yiuf (D:2)
  Ijyb (D:2)
  Jessica (D:2)
  A gnoll (D:3)
  5 adders
  A worm (D:2)
  2 giant geckos (D:1)
  An ooze (D:2)
  2 orcs (D:3)
  A ball python (D:2)
  8 bats
  2 giant cockroaches
  7 hobgoblins
  4 jackals (D:2)
  6 giant newts
  2 goblins (D:2)
  5 kobolds
  3 rats (D:1)
53 creatures vanquished.

Notes
Turn   | Place    | Note
--------------------------------------------------------------
     0 | D:1      | mossdog, the Demonspawn Venom Mage, began the quest for the Orb.
     0 | D:1      | Reached XP level 1. HP: 13/13 MP: 3/3
   223 | D:1      | Gained mutation: You can steal the life force of nearby defeated enemies. [demonic ancestry]
   223 | D:1      | Reached XP level 2. HP: 19/19 MP: 4/4
   773 | D:1      | Learned a level 2 spell: Cure Poison
   795 | D:2      | Gained mutation: You are partially covered in thin metallic scales (AC +2). [demonic ancestry]
   795 | D:2      | Reached XP level 3. HP: 16/24 MP: 3/6
  1033 | D:2      | Found a blossoming altar of Fedhas.
  1263 | D:2      | Found a shadowy altar of Dithmenos.
  1263 | D:2      | Found a snail-covered altar of Cheibriados.
  1267 | D:2      | Became a worshipper of Cheibriados the Contemplative
  1291 | D:2      | Reached skill level 1 in Conjurations
  1326 | D:2      | Found an opulent altar of Gozag.
  1681 | D:2      | Gained mutation: You can steal the life force of defeated enemies. [demonic ancestry]
  1681 | D:2      | Reached XP level 4. HP: 21/30 MP: 1/8
  1915 | D:2      | Noticed Ijyb
  1928 | D:2      | Killed Ijyb
  1928 | D:2      | Acquired Cheibriados' first power
  1990 | D:2      | Noticed Jessica
  2002 | D:2      | Killed Jessica
  2323 | D:2      | Noticed Crazy Yiuf
  2342 | D:2      | Killed Crazy Yiuf
  2342 | D:2      | Reached skill level 5 in Poison Magic
  2342 | D:2      | Reached skill level 1 in Invocations
  2342 | D:2      | Reached XP level 5. HP: 23/36 MP: 2/9
  2608 | D:2      | Learned a level 3 spell: Mephitic Cloud
  2838 | D:3      | HP: 1/36 [kobold/short sword (2)]
  2840 | D:3      | Slain by an orc

Action                   |  1- 3 |  4- 6 || total
-------------------------+-------+-------++-------
Melee: Short sword       |    76 |    16 ||    92
       Unarmed           |     3 |       ||     3
 Cast: Sting             |    28 |    28 ||    56
       Cure Poison       |     2 |       ||     2
Invok: Bend Time         |       |     2 ||     2
  Use: Scroll            |       |     3 ||     3
  Eat: Chunk             |     3 |     1 ||     4
       Bread ration      |       |     1 ||     1
